[Event "Titled Tuesday Blitz May 16 Late 2023"]
[White "Haszon, David"]
[Black "liwadas82"]
[WhiteFideId "733610"]
[WhiteElo "2210"]
[BlackElo "2447"]
[Result "0-1"]
[Round "09"]
[TimeControl "180+2"]
[Date "2023.05.16"]
[WhiteClock "0:00:18"]
[BlackClock "0:00:28"]

1. d4 Nf6 2. Nf3 e6 3. Bf4 b6 4. c4 Bb4+ 5. Nc3 Ne4 6. Rc1 Bb7 7. Qd3 O-O 8. Nd2 Bxc3 9. bxc3 f5 10. f3 Nxd2 11. Qxd2 Nc6 12. e3 Na5 13. Be2 d6 14. O-O Ba6 15. d5 e5 16. Bg3 Bxc4 17. Bxc4 Nxc4 18. Qe2 b5 19. Rb1 a6 20. a4 Rb8 21. axb5 axb5 22. e4 fxe4 23. fxe4 Rxf1+ 24. Rxf1 Qg5 25. Kh1 Rf8 26. Rb1 Qd2 27. Qg4 Qxc3 28. Qe6+ Kh8 29. Qe7 Rg8 30. Bh4 Qd3 31. Ra1 Qxe4 32. h3 Ne3 33. Rg1 Nf5 34. Qxc7 Qxh4 35. Qd7 Qf4 36. Qxb5 Ng3+ 37. Kh2 Ne4+ 38. Kh1 Nf2# 0-1


[Site "https://www.chess.com"]

[Event "Titled Tuesday Blitz May 16 Late 2023"]
[White "Kielinkei"]
[Black "Musovic, Armin"]
[BlackFideId "939935"]
[WhiteElo "2439"]
[BlackElo "2322"]
[Result "1/2-1/2"]
[Round "09"]
[TimeControl "180+2"]
[Date "2023.05.16"]
[WhiteClock "0:00:53"]
[BlackClock "0:01:52"]

1. e4 c6 2. d4 d5 3. Nc3 dxe4 4. Nxe4 Nf6 5. Nxf6+ exf6 6. Be3 Bd6 7. Bd3 O-O 8. Ne2 Re8 9. O-O Nd7 10. c4 Nf8 11. Qc2 Bg4 12. Rfe1 Rc8 13. h3 Be6 14. Qc3 Ng6 15. Rad1 a5 16. a3 b5 17. Qc2 Bb8 18. Bxg6 hxg6 19. cxb5 cxb5 20. Qd2 Bb3 21. Rc1 Rxc1 22. Rxc1 Bc4 23. Nf4 Bxf4 24. Bxf4 Re2 25. Qc3 a4 26. Be3 Qd5 27. Re1 Rxe1+ 28. Qxe1 Qe4 29. Qd2 g5 30. f3 Qb1+ 31. Qc1 Qd3 32. Qd2 Qf1+ 33. Kh2 Bd5 34. Qf2 Qb1 35. Qd2 Kh7 36. Bf2 Kg6 37. h4 gxh4 38. Bxh4 Qf5 39. Bf2 Qh5+ 40. Kg1 Kh7 41. Qd3+ Kg8 42. Qxb5 Kh7 43. Qxa4 Qg6 44. Qd1 f5 45. a4 Qa6 46. b3 Qb6 47. Qd3 g6 48. Qb5 Qe6 49. b4 Bc4 50. Qe5 Qc8 51. b5 Bb3 52. d5 Bxa4 53. Bd4 Qc1+ 54. Kh2 Qh6+ 55. Kg3 Qf8 56. Kf2 Bxb5 57. Qh2+ Qh6 58. Qxh6+ Kxh6 59. d6 Kg5 60. Ke3 Bc6 61. Be5 f4+ 62. Bxf4+ Kf5 63. Bh2 Ke6 64. Kd4 f6 65. Kc5 Kd7 66. Kd4 Ke6 67. Ke3 Bb7 68. Kf4 Bc6 69. g3 Bb7 70. Ke3 Bc6 71. g4 f5 72. gxf5+ gxf5 73. f4 Kd7 74. Kd4 Be4 75. Ke5 Bb1 76. Bg3 Be4 77. Bh4 Bb1 78. Bf6 Be4 79. Bg7 Bb1 80. Bh8 Be4 81. Bg7 Bb1 82. Bh6 Be4 83. Bg5 Bb1 84. Bh4 Bc2 85. Be1 Be4 86. Bd2 Bb1 87. Bc1 Be4 88. Bb2 Bb1 89. Ba1 Be4 90. Bc3 Bb1 91. Bb4 Kc6 92. Kd4 Kd7 93. Ke5 Bc2 94. Bc3 Be4 95. Bd4 Bb1 96. Bc5 Bc2 97. Kd5 Bb1 98. Kd4 Bc2 99. Ba3 Bb1 100. Kc3 Be4 101. Kd2 Ke6 102. Ke3 Kd7 103. Kf2 Kc6 104. Kg3 Kd7 105. Kh4 Ke6 106. Kg5 Kd7 107. Kg6 Bb1 108. Kf6 Bc2 109. Ke5 Bb1 110. Kd4 Bc2 111. Kc3 Be4 112. Bb4 Kc6 113. d7 Kxd7 114. Kd4 Kc6 115. Ke5 Kb5 116. Be1 Kc4 117. Bh4 Kd3 118. Bd8 Ke2 119. Bc7 Kf3 120. Bd6 Kg4 121. Bb8 Kh5 122. Ba7 Kh6 123. Bg1 Kg6 124. Bd4 Kh5 125. Be3 Kg4 126. Bc1 Kh3 127. Bb2 Kg2 128. Bd4 Kf1 129. Bc5 Kg2 130. Bd6 Kf3 131. Kd4 Ke2 132. Be5 Kd2 133. Kc4 Ke3 134. Kb4 Kf3 135. Kb5 Kg4 136. Kc5 Kh5 137. Kd6 Kg6 138. Ke7 Kh5 139. Kf6 Kg4 140. Kg6 Kf3 141. Kh6 Ke2 142. Kg6 Kd3 143. Kg5 Kc4 144. Kh4 Kb5 145. Kg3 Kc6 146. Kf2 Kd5 147. Ke3 Kc4 148. Kd2 Kb3 149. Ke2 Kc2 150. Ke3 Kd1 151. Kd4 Kd2 152. Kc5 Kd3 153. Kd6 Kc4 154. Ke6 Kc5 155. Kf6 Kc6 156. Kg6 Kd7 157. Kf7 Kc6 158. Kf6 Bd3 159. Kg5 Be4 160. Bf6 Kd5 161. Be5 Bd3 162. Kh4 Be4 163. Bb8 Ke6 1/2-1/2


[Site "https://www.chess.com"]

[Event "Titled Tuesday Blitz May 16 Late 2023"]
[White "Weber, Samuel"]
[Black "Guerra Tulcan, Lenin"]
[WhiteFideId "12924008"]
[BlackFideId "3601382"]
[WhiteElo "2162"]
[BlackElo "2368"]
[Result "0-1"]
[Round "09"]
[TimeControl "180+2"]
[Date "2023.05.16"]
[WhiteClock "0:01:50"]
[BlackClock "0:02:03"]

1. b3 e5 2. Bb2 d6 3. c4 Nf6 4. e3 Be7 5. Nc3 O-O 6. g3 c6 7. Bg2 Be6 8. d4 exd4 9. exd4 d5 10. c5 Re8 11. Nge2 Qc8 12. O-O Bh3 13. Nf4 Bxg2 14. Kxg2 Nbd7 15. Nce2 Nf8 16. Qd3 a5 17. a3 g5 18. Nh3 h6 19. f3 Ng6 20. Nf2 Bf8 21. Rae1 Qd7 22. Nc3 Bg7 23. Na4 Rxe1 24. Rxe1 Re8 25. Nb6 Qd8 26. Qd2 Rxe1 27. Qxe1 Qe7 28. Qxa5 g4 29. fxg4 Qe2 30. Bc3 Nxg4 31. Be1 Ne3+ 32. Kh3 Qh5# 0-1


[Site "https://www.chess.com"]

[Event "Titled Tuesday Blitz May 16 Late 2023"]
[White "Safin, Robert"]
[Black "Prieto Aranguren, Alain"]
[WhiteFideId "34189120"]
[BlackFideId "2268906"]
[WhiteElo "2295"]
[BlackElo "2209"]
[Result "1-0"]
[Round "09"]
[TimeControl "180+2"]
[Date "2023.05.16"]
[WhiteClock "0:00:08"]
[BlackClock "0:00:40"]

1. e4 c6 2. d4 d5 3. Nc3 dxe4 4. Nxe4 Nf6 5. Ng5 h6 6. Nxf7 Kxf7 7. Nf3 e6 8. Bc4 Bd6 9. O-O Re8 10. Re1 Qc7 11. Ne5+ Bxe5 12. dxe5 Nd5 13. Qh5+ Kf8 14. a4 Qf7 15. Qh4 Na6 16. Ra3 Kg8 17. Bxh6 Ne7 18. Bxg7 Kxg7 19. Rg3+ Ng6 20. Bd3 Rh8 21. Qd4 Rh6 22. Ree3 Bd7 23. Bxg6 Rxg6 24. Rxg6+ Qxg6 25. Qxd7+ Kf8 26. Rf3+ Kg8 27. Rg3 Qxg3 28. hxg3 Rf8 29. Qxe6+ Rf7 30. g4 Kg7 31. g5 Nc5 32. Qh6+ Kg8 33. e6 Rg7 34. Qf6 Kh7 35. e7 Rg8 36. Qh6# 1-0


[Site "https://www.chess.com"]

[Event "Titled Tuesday Blitz May 16 Late 2023"]
[White "WindWhistler11"]
[Black "Bashkansky, Ethan"]
[BlackFideId "2071533"]
[WhiteElo "2520"]
[BlackElo "2324"]
[Result "1-0"]
[Round "09"]
[TimeControl "180+2"]
[Date "2023.05.16"]
[WhiteClock "0:00:35"]
[BlackClock "0:00:03"]

1. Nf3 f5 2. g3 Nf6 3. d3 d5 4. Nbd2 e6 5. Bg2 Be7 6. c4 c6 7. O-O O-O 8. Rb1 a5 9. b3 Kh8 10. a3 Na6 11. Bb2 Bd7 12. Ne5 Be8 13. Ndf3 Nc7 14. Qc1 Bf7 15. Rd1 Bg8 16. Qf4 Bd6 17. Qh4 Bf7 18. Ng5 Bxe5 19. Bxe5 Bg8 20. Nf3 Rc8 21. Bc3 Ng4 22. Qxd8 Rfxd8 23. Bxa5 Re8 24. Bc3 Ra8 25. Bb2 h6 26. h3 Nf6 27. Ne5 Kh7 28. b4 Red8 29. Nf3 Nce8 30. c5 g6 31. Nd4 Kg7 32. Nb3 Kf7 33. Bc1 g5 34. Bb2 Kg6 35. Na5 Rd7 36. Re1 Bh7 37. Rbd1 Kf7 38. Nb3 Rad8 39. Nd2 f4 40. Nf3 Rc7 41. Ne5+ Ke7 42. gxf4 gxf4 43. Bc1 Nh5 44. Bf3 Kf6 45. d4 Rg7+ 46. Kh2 Bg6 47. Nxg6 Kxg6 48. Rg1+ 1-0


[Site "https://www.chess.com"]

[Event "Titled Tuesday Blitz May 16 Late 2023"]
[White "Martinez, Ayelen"]
[Black "Golubev, Mikhail"]
[WhiteFideId "118702"]
[BlackFideId "14100983"]
[WhiteElo "2125"]
[BlackElo "2374"]
[Result "1-0"]
[Round "09"]
[TimeControl "180+2"]
[Date "2023.05.16"]
[WhiteClock "0:00:06"]
[BlackClock "0:00:00"]

1. e4 c5 2. Nf3 d6 3. d4 Nf6 4. Nc3 cxd4 5. Nxd4 Nc6 6. Bg5 e6 7. Qd2 a6 8. O-O-O Bd7 9. f4 Be7 10. Bc4 b5 11. Nxc6 Bxc6 12. Bd3 b4 13. Ne2 Nxe4 14. Bxe4 Bxe4 15. Qxb4 Bxg5 16. Qxe4 Be7 17. Qc6+ Kf8 18. f5 Rc8 19. Qb7 Qc7 20. Qb3 Rb8 21. Qd3 Bf6 22. c3 Ke7 23. fxe6 fxe6 24. Rhe1 Rhe8 25. Qxh7 Qc4 26. Qd3 Qxd3 27. Rxd3 Be5 28. Kc2 Rf8 29. g3 Rf2 30. Kc1 Rxh2 31. Nd4 Rbxb2 32. Nc6+ Kf6 33. Rf3+ Kg6 34. Nxe5+ dxe5 35. Rxe5 Rxa2 36. Rxe6+ Kh7 37. Kb1 Rab2+ 38. Ka1 Rbg2 39. Re1 Ra2+ 40. Kb1 a5 41. Rf5 Kg6 42. Rb5 a4 43. Re6+ 1-0


[Site "https://www.chess.com"]

[Event "Titled Tuesday Blitz May 16 Late 2023"]
[White "Bilan, Danila"]
[Black "Djordjevic, Dejan N"]
[WhiteFideId "24161918"]
[BlackFideId "913316"]
[WhiteElo "2182"]
[BlackElo "2261"]
[Result "0-1"]
[Round "09"]
[TimeControl "180+2"]
[Date "2023.05.16"]
[WhiteClock "0:00:04"]
[BlackClock "0:00:02"]

1. d4 Nf6 2. Nf3 g6 3. Bg5 Bg7 4. c3 d6 5. Nbd2 h6 6. Bh4 O-O 7. e4 Nbd7 8. Bc4 Nb6 9. Bb3 c6 10. O-O Qc7 11. Qe2 e5 12. dxe5 dxe5 13. Nc4 Nxc4 14. Bxc4 a5 15. a4 Re8 16. Rad1 Nh5 17. Bg3 Bg4 18. Qe3 Rad8 19. Bh4 Rxd1 20. Rxd1 Nf4 21. h3 Be6 22. Bxe6 Nxe6 23. Qd3 Nc5 24. Qc4 b6 25. b4 Nxa4 26. Ra1 b5 27. Qb3 axb4 28. cxb4 Nb6 29. Rc1 Nc4 30. Ra1 Bf8 31. Ne1 Qd6 32. Nd3 Qd4 33. Re1 Nd2 34. Qc2 Nc4 35. Kh2 g5 36. Bg3 Rd8 37. Nc5 Bxc5 38. bxc5 Qxc5 39. Qe2 Rd2 40. Qh5 Qd6 41. Ra1 Kg7 42. Ra8 Qf6 43. Qg4 Nd6 44. Qd7 Nxe4 45. Qe8 Kg6 46. Qg8+ Qg7 47. Qc8 Nxg3 48. fxg3 Rd6 49. g4 Re6 50. Qd8 e4 51. Qc7 Qe5+ 52. Qxe5 Rxe5 53. Rg8+ Kf6 54. Rc8 e3 55. Rxc6+ Re6 56. Rc1 e2 57. Re1 Re3 58. Kg1 b4 59. Kf2 Re4 60. Kf3 Ke5 61. g3 b3 62. h4 b2 63. Kf2 Kd4 64. hxg5 hxg5 65. Kf3 Kd3 66. Rb1 e1=Q 67. Rxb2 Qf1+ 68. Rf2 Re3# 0-1


[Site "https://www.chess.com"]

[Event "Titled Tuesday Blitz May 16 Late 2023"]
[White "Kev4444444444"]
[Black "Molenda, Marcin"]
[BlackFideId "1173065"]
[WhiteElo "2171"]
[BlackElo "2286"]
[Result "0-1"]
[Round "09"]
[TimeControl "180+2"]
[Date "2023.05.16"]
[WhiteClock "0:00:09"]
[BlackClock "0:01:28"]

1. g3 d5 2. Bg2 e5 3. c4 d4 4. d3 h5 5. Nf3 Nc6 6. O-O Be7 7. h3 h4 8. g4 a5 9. Ne1 f5 10. gxf5 Bxf5 11. f4 Qd7 12. Kh2 Nf6 13. fxe5 Nxe5 14. Bf4 Bd6 15. c5 Neg4+ 16. hxg4 Nxg4+ 17. Kh1 Bxf4 18. Rxf4 Ne3 19. Qb3 g5 20. Qxb7 O-O 21. Rf2 Bh3 22. Rxf8+ Rxf8 23. Bf3 g4 24. Nd2 gxf3 25. Nexf3 Qg4 26. Ne1 Rf2 27. Qa8+ Kg7 28. Qe4 Bg2+ 29. Nxg2 Qh3+ 30. Kg1 Rxg2+ 31. Qxg2+ Qxg2# 0-1


[Site "https://www.chess.com"]

[Event "Titled Tuesday Blitz May 16 Late 2023"]
[White "Rasulov, Vugar"]
[Black "Pires, Marcos Vinicius Torsani"]
[WhiteFideId "13402390"]
[BlackFideId "2118939"]
[WhiteElo "2509"]
[BlackElo "2273"]
[Result "1-0"]
[Round "09"]
[TimeControl "180+2"]
[Date "2023.05.16"]
[WhiteClock "0:01:46"]
[BlackClock "0:00:00"]

1. Nf3 Nf6 2. b3 g6 3. Bb2 Bg7 4. e3 d6 5. d4 O-O 6. Be2 Ne4 7. O-O Nd7 8. Nbd2 Ndf6 9. Nxe4 Nxe4 10. c4 c5 11. Qc2 f5 12. Bd3 Nf6 13. dxc5 dxc5 14. Rad1 Qc7 15. Be5 Qc6 16. Qb2 Nh5 17. Bc2 Be6 18. Ng5 Rad8 19. Bxg7 Nxg7 20. Qe5 h6 21. Nxe6 Nxe6 22. h4 h5 23. Rd5 b6 24. Rfd1 Rfe8 25. Bxf5 gxf5 26. Qxf5 Ng7 27. Qf3 Rxd5 28. cxd5 Qf6 29. Qg3 Kh8 30. e4 Rf8 31. f3 Ne8 32. Kh2 Rg8 33. Qf2 Qf4+ 34. g3 Qe5 35. Rg1 Nf6 36. Qe3 Kh7 37. Qd3 Rg6 38. a4 Nd7 39. f4 Qd4 40. Qxd4 cxd4 41. Rd1 Nc5 42. Rxd4 Nxb3 43. Rc4 Nc5 44. e5 Rg8 45. a5 Rd8 46. axb6 axb6 47. Rd4 Ne6 48. Rb4 Rxd5 49. Rxb6 Nd4 50. Rb7 Kg6 51. Rxe7 Kf5 52. Kh3 Nf3 53. Rh7 Ng1+ 54. Kg2 Ne2 55. Rxh5+ Ke4 56. Rg5 Rd2 57. Kf1 Kf3 58. Ke1 Ra2 59. e6 Nd4 60. Re5 Re2+ 61. Rxe2 Nxe2 62. e7 1-0


[Site "https://www.chess.com"]

[Event "Titled Tuesday Blitz May 16 Late 2023"]
[White "Gatterer, Florian"]
[Black "Kim, Sergey"]
[WhiteFideId "811688"]
[BlackFideId "13700570"]
[WhiteElo "2221"]
[BlackElo "2576"]
[Result "0-1"]
[Round "09"]
[TimeControl "180+2"]
[Date "2023.05.16"]
[WhiteClock "0:00:00"]
[BlackClock "0:01:03"]

1. Nf3 Nf6 2. g3 g6 3. b3 Bg7 4. Bb2 d6 5. d4 O-O 6. Bg2 e5 7. dxe5 Nfd7 8. c4 dxe5 9. Nc3 Nc6 10. e3 e4 11. Nd2 f5 12. a3 Nde5 13. Bf1 Nd3+ 14. Bxd3 Qxd3 15. Rc1 Ne5 16. Nd5 c6 17. Ne7+ Kh8 18. Bxe5 Bxe5 19. Nxc8 Raxc8 20. Qc2 Rfd8 21. Qxd3 Rxd3 22. Ke2 Bb2 23. Rc2 Bxa3 24. Ra1 Bb4 25. Rxa7 Rcd8 26. Nf1 Rd1 27. f3 Re1+ 28. Kf2 Rdd1 29. Rxb7 Rxf1+ 30. Kg2 exf3+ 31. Kh3 c5 32. Ra2 Ra1 33. Rb8+ Kg7 34. Rb7+ Kh6 35. Rxa1 Rxa1 36. g4 fxg4+ 37. Kxg4 f2 0-1


[Site "https://www.chess.com"]

[Event "Titled Tuesday Blitz May 16 Late 2023"]
[White "OPQRC"]
[Black "Rangel, Daniel"]
[BlackFideId "2124475"]
[WhiteElo "2554"]
[BlackElo "2256"]
[Result "1-0"]
[Round "09"]
[TimeControl "180+2"]
[Date "2023.05.16"]
[WhiteClock "0:00:09"]
[BlackClock "0:00:04"]

1. e4 c5 2. Nf3 g6 3. c4 Bg7 4. d4 cxd4 5. Nxd4 Nc6 6. Be3 Nf6 7. Nc3 O-O 8. Be2 Nxd4 9. Bxd4 d6 10. O-O Bd7 11. Qc2 Bc6 12. b4 b6 13. a4 a5 14. b5 Bb7 15. Rac1 Nd7 16. Bxg7 Kxg7 17. f4 Rc8 18. Kh1 Nc5 19. f5 Nd7 20. Qd2 f6 21. Rf3 Ne5 22. Rh3 g5 23. Rh5 Nxc4 24. Bxc4 Rxc4 25. h4 h6 26. hxg5 hxg5 27. Rxg5+ Kf7 28. Rh5 Rh8 29. Qe2 Rc5 30. Kg1 Qc8 31. Qg4 Rxh5 32. Qxh5+ Kf8 33. Qh8+ Kf7 34. Qh5+ Kf8 35. Qh6+ Ke8 36. Qh5+ Kd7 37. Qf3 Kc7 38. Nd5+ Bxd5 39. Rxc5+ dxc5 40. exd5 Qd8 41. Qe4 Qd6 42. Kf2 Kd7 43. g4 Qe5 44. Qxe5 fxe5 45. g5 c4 46. g6 Ke8 47. f6 exf6 48. d6 c3 49. g7 Kf7 50. d7 c2 51. g8=Q+ Kxg8 52. d8=Q+ Kg7 53. Qc7+ Kg6 54. Qxc2+ f5 55. Qc6+ Kg5 56. Qxb6 e4 57. Qe3+ Kg4 58. Qg3+ Kh5 59. Qf4 Kg6 60. Ke3 Kf6 61. b6 Ke6 62. b7 Kd5 63. Qxf5+ Kc4 64. Qxe4+ 1-0


[Site "https://www.chess.com"]

[Event "Titled Tuesday Blitz May 16 Late 2023"]
[White "Erzhanov, Arman"]
[Black "Gutkin, Ilya"]
[WhiteFideId "4138821"]
[BlackFideId "16203470"]
[WhiteElo "2138"]
[BlackElo "2265"]
[Result "1-0"]
[Round "09"]
[TimeControl "180+2"]
[Date "2023.05.16"]
[WhiteClock "0:00:54"]
[BlackClock "0:00:43"]

1. e4 e6 2. b3 d5 3. Bb2 dxe4 4. Nc3 Nf6 5. Qe2 Bb4 6. O-O-O Qe7 7. Kb1 Ba3 8. Ba1 O-O 9. Nxe4 Nxe4 10. Qxe4 a5 11. Nf3 a4 12. Bd3 f5 13. Qh4 Qxh4 14. Nxh4 Nc6 15. Rhe1 axb3 16. axb3 Bc5 17. Re2 Bd7 18. Bc4 Bd4 19. Bc3 Kf7 20. Nxf5 Bf6 21. Rde1 Rfe8 22. Ng3 Na5 23. Bd3 c5 24. Ne4 Red8 25. Nxc5 Bc6 26. Nxe6 Rxd3 27. cxd3 Nxb3 28. Kb2 Bd5 29. Nc7 Nc5 30. Nxa8 Nxd3+ 31. Kc2 1-0


[Site "https://www.chess.com"]

[Event "Titled Tuesday Blitz May 16 Late 2023"]
[White "Avalos Parra, Joao"]
[Black "Hajiyev, Kanan"]
[WhiteFideId "3402541"]
[BlackFideId "13404148"]
[WhiteElo "2173"]
[BlackElo "2103"]
[Result "1-0"]
[Round "09"]
[TimeControl "180+2"]
[Date "2023.05.16"]
[WhiteClock "0:00:15"]
[BlackClock "0:00:00"]

1. d4 Nf6 2. c4 e6 3. Nf3 b6 4. a3 d5 5. Nc3 Be7 6. cxd5 Nxd5 7. e4 Nxc3 8. bxc3 Bb7 9. Qc2 O-O 10. Bd3 c5 11. O-O Nc6 12. Bb2 Rc8 13. Qe2 Na5 14. Rad1 Qc7 15. Rfe1 Rfd8 16. h4 Qf4 17. h5 h6 18. Ne5 Qh4 19. g3 Qh3 20. Qf3 Bf6 21. Bf1 Qf5 22. exf5 Bxf3 23. Nxf3 exf5 24. d5 c4 25. Bh3 g6 26. hxg6 fxg6 27. Re6 Kf7 28. Bg2 Rc5 29. Ne5+ Bxe5 30. Rxe5 Nb3 31. Bc1 Nxc1 32. Rxc1 Ra5 33. Rce1 Rd7 34. Ra1 Ra4 35. Kf1 Ra5 36. Ke2 Kf6 37. Re6+ Kf7 38. Ke3 Rb5 39. Ra2 Rb3 40. Kd4 b5 41. a4 b4 42. cxb4 Rxb4 43. Kc5 a5 44. Rc6 c3 45. Rc2 Rxa4 46. Rxc3 f4 47. d6 fxg3 48. fxg3 Rg4 49. Rc7 Rg5+ 50. Kc6 Ke8 51. Rxd7 Rc5+ 52. Rxc5 a4 53. Re5+ Kf8 54. Rb5 1-0


[Site "https://www.chess.com"]

[Event "Titled Tuesday Blitz May 16 Late 2023"]
[White "Przybylski, Wojciech"]
[Black "Shapiro, Daniel"]
[WhiteFideId "1117599"]
[BlackFideId "2001780"]
[WhiteElo "2222"]
[BlackElo "2381"]
[Result "1-0"]
[Round "09"]
[TimeControl "180+2"]
[Date "2023.05.16"]
[WhiteClock "0:00:07"]
[BlackClock "0:00:00"]

1. e4 c5 2. Nf3 e6 3. d4 cxd4 4. Nxd4 a6 5. Nc3 Qc7 6. Be3 Nf6 7. a3 b5 8. Bd3 Bb7 9. O-O d6 10. Qe2 Nbd7 11. f4 Be7 12. Kh1 O-O 13. Rae1 Rfe8 14. Bg1 e5 15. Nf5 Bf8 16. fxe5 Nxe5 17. Qf2 Re6 18. Qg3 Rae8 19. Bd4 g6 20. Ne3 Bg7 21. Ned5 Nxd5 22. exd5 Rf6 23. Rxf6 Bxf6 24. Bf1 Qd8 25. Re4 Bg7 26. h3 f5 27. Re1 Nc4 28. Bxg7 Rxe1 29. Qxe1 Kxg7 30. Bxc4 bxc4 31. Qe3 Qf6 32. Qa7 Qe7 33. Qd4+ Kf7 34. Qxc4 Qd7 35. Qd4 g5 36. Kg1 f4 37. Qe4 Qe7 38. Qxh7+ Ke8 39. Qxe7+ Kxe7 40. Kf2 Kf6 41. g3 Ke5 42. gxf4+ gxf4 43. Kf3 Bc8 44. h4 Bf5 45. Ne2 Bxc2 46. Nxf4 Be4+ 47. Ke3 Kf5 48. h5 Ke5 49. h6 Bh7 50. b4 Kf6 51. Kd4 1-0


[Site "https://www.chess.com"]

[Event "Titled Tuesday Blitz May 16 Late 2023"]
[White "Buchenau, Frank"]
[Black "Estrada Nieto, Julian"]
[WhiteFideId "4604350"]
[BlackFideId "5101018"]
[WhiteElo "2157"]
[BlackElo "2161"]
[Result "1-0"]
[Round "09"]
[TimeControl "180+2"]
[Date "2023.05.16"]
[WhiteClock "0:00:13"]
[BlackClock "0:00:09"]

1. e4 e5 2. Bc4 Nc6 3. Nf3 Bc5 4. c3 Nf6 5. d3 d6 6. O-O a6 7. Bb3 Ba7 8. Nbd2 O-O 9. h3 h6 10. Re1 Re8 11. Nf1 Be6 12. Bxe6 Rxe6 13. Be3 d5 14. Bxa7 Rxa7 15. exd5 Nxd5 16. d4 e4 17. N3d2 Nf6 18. Ng3 Qe8 19. Re3 Ra8 20. Qe2 Nd5 21. Rxe4 Rxe4 22. Qxe4 Qxe4 23. Ndxe4 Nf4 24. Re1 b6 25. Nf5 Kf8 26. Re3 Re8 27. h4 Na5 28. Nd2 Rxe3 29. fxe3 Nd3 30. b4 Nb7 31. Kf1 h5 32. a3 g6 33. Ng3 Nd6 34. Ke2 Nb2 35. e4 Ndc4 36. Nxc4 Nxc4 37. a4 a5 38. bxa5 bxa5 39. e5 Nb2 40. Ne4 Nxa4 41. Kd3 Ke7 42. c4 Nb2+ 43. Kc3 Nd1+ 44. Kb3 Ne3 45. g3 a4+ 46. Kxa4 Nxc4 47. Kb4 Ne3 48. Kc5 Ke6 49. Ng5+ Ke7 50. Kc6 Nf5 51. d5 Nxg3 52. Kxc7 Nf5 53. d6+ Nxd6 54. exd6+ Kf6 55. d7 Kf5 56. d8=Q Kg4 57. Qf6 Kxh4 58. Nxf7+ Kg3 59. Qxg6+ Kh4 60. Ne5 Kh3 61. Qxh5+ Kg3 62. Qg4+ Kf2 63. Qh3 Ke2 64. Kd6 Kd2 65. Kd5 Ke2 66. Kd4 Kf2 67. Ke4 Ke2 68. Qg2+ Ke1 69. Kd3 1-0


[Site "https://www.chess.com"]

[Event "Titled Tuesday Blitz May 16 Late 2023"]
[White "Stork, Oliver"]
[Black "Bryant, Todd"]
[WhiteFideId "12955728"]
[BlackFideId "2031299"]
[WhiteElo "2239"]
[BlackElo "2372"]
[Result "0-1"]
[Round "09"]
[TimeControl "180+2"]
[Date "2023.05.16"]
[WhiteClock "0:00:30"]
[BlackClock "0:00:20"]

1. e4 c5 2. Nc3 d6 3. g3 Nc6 4. Bg2 g6 5. d3 Bg7 6. Be3 Rb8 7. Qd2 b5 8. f4 b4 9. Nd1 Nf6 10. Nf3 O-O 11. O-O Ng4 12. c3 Nxe3 13. Nxe3 bxc3 14. bxc3 Qa5 15. Rfc1 Ba6 16. Rc2 Rb7 17. Ne1 Rfb8 18. Rac1 Qa3 19. e5 Rb6 20. Nd5 Rb2 21. Nc7 Rxc2 22. Rxc2 Qa4 23. e6 fxe6 24. Nxe6 Bf6 25. Bd5 Kh8 26. Rb2 Rxb2 27. Qxb2 Qd1 28. Kf2 Nb4 29. d4 cxd4 30. cxb4 d3 31. Nd4 d2 32. Nef3 Qf1+ 33. Ke3 d1=Q 34. Qc3 Qdd3+ 0-1


[Site "https://www.chess.com"]

[Event "Titled Tuesday Blitz May 16 Late 2023"]
[White "Gerbelli Neto, Eduardo"]
[Black "Wizard_of_Odds"]
[WhiteFideId "2103281"]
[WhiteElo "2178"]
[BlackElo "2453"]
[Result "1-0"]
[Round "09"]
[TimeControl "180+2"]
[Date "2023.05.16"]
[WhiteClock "0:00:13"]
[BlackClock "0:00:03"]

1. e4 c5 2. Nc3 Nc6 3. f4 e6 4. Nf3 d5 5. Bb5 Ne7 6. exd5 exd5 7. Qe2 a6 8. Bxc6+ bxc6 9. O-O g6 10. Qe5 Rg8 11. d3 Bg7 12. Qe1 h6 13. Ne5 Qd6 14. Na4 Be6 15. Be3 d4 16. Bd2 Rb8 17. b3 f6 18. Nxg6 f5 19. Nxe7 Kxe7 20. a3 Kf7 21. Qf2 Bd5 22. Rfe1 Bf6 23. g3 h5 24. b4 c4 25. dxc4 Bxc4 26. Nc5 h4 27. Rad1 hxg3 28. hxg3 Bd5 29. Re5 Rh8 30. Kf1 Rh1+ 31. Ke2 Bc4+ 32. Nd3 Rbh8 33. Rxh1 Rxh1 34. Qg2 Rh5 35. g4 Bxe5 36. gxh5 Bxf4 37. Qg6+ Qxg6 38. hxg6+ Kxg6 39. Bxf4 Kf6 40. Bc7 Ke6 41. Kf3 Kd5 42. Kf4 Ba2 43. Kxf5 Bb1 44. Ne1 Kc4 45. Ke4 Kc3 46. Be5 Kb2 47. Bxd4+ Kxa3 48. Bc5 Ka4 49. Kd4 Kb5 50. c4+ Ka4 51. Nd3 Ba2 52. Kc3 Bb3 53. Nb2+ Ka3 54. b5+ Ka2 55. bxc6 a5 56. c7 a4 57. c8=Q a3 58. Bxa3 Kb1 59. Qa6 Ba2 60. Nd3 Bxc4 61. Qb6+ Bb3 62. Qxb3+ Ka1 63. Qb2# 1-0


[Site "https://www.chess.com"]

[Event "Titled Tuesday Blitz May 16 Late 2023"]
[White "Papayan, Oleg"]
[Black "Stachanczyk, Jacek"]
[WhiteFideId "4193911"]
[BlackFideId "1116657"]
[WhiteElo "2171"]
[BlackElo "2084"]
[Result "1-0"]
[Round "09"]
[TimeControl "180+2"]
[Date "2023.05.16"]
[WhiteClock "0:00:03"]
[BlackClock "0:00:16"]

1. e4 c5 2. d4 cxd4 3. Qxd4 Nc6 4. Qd3 g6 5. Nc3 Bg7 6. Nf3 Nf6 7. Be2 O-O 8. O-O d6 9. Nd5 Be6 10. c3 Rb8 11. a4 a6 12. Bg5 Nd7 13. Bh4 Nc5 14. Qe3 Re8 15. Rad1 Nxa4 16. b4 b5 17. Ng5 Bxd5 18. exd5 Ne5 19. f4 Nd7 20. f5 Ne5 21. fxg6 hxg6 22. Nxf7 Nxf7 23. Rxf7 Qb6 24. Qxb6 Rxb6 25. Rxe7 Rxe7 26. Bxe7 Nxc3 27. Rd2 Bh6 28. Rc2 Nxd5 29. Bd8 Rb8 30. Ba5 Be3+ 31. Kf1 Bf4 32. Rc6 Bxh2 33. Bf3 Ne3+ 34. Ke1 Nf5 35. Rxa6 Re8+ 36. Kd2 Kg7 37. Ra7+ Re7 38. Rb7 Rxb7 39. Bxb7 Kf6 40. Bc6 Nd4 41. Be8 Ke5 42. Kd3 Bg1 43. Bb6 g5 44. Bxb5 Nxb5 45. Bxg1 d5 46. Bh2+ Ke6 47. g4 Kd7 48. Bg1 Kc6 49. Be3 Nd6 50. Bxg5 Kb5 51. Be7 Ne4 52. Kd4 Kc6 53. g5 Ng3 54. Ke5 d4 55. g6 d3 56. Bg5 Nh5 57. Kd4 Kb5 58. Bd2 Nf6 59. Kxd3 Kc6 60. Kd4 Kd6 61. b5 Ng8 62. Bf4+ Ke6 63. Kc5 Kf5 64. b6 Kxg6 65. b7 Nf6 66. Kc6 Kf5 67. Bd6 Ne4 68. b8=Q Kg4 69. Qg8+ Kf3 70. Qd5 Ke3 71. Be5 Kf3 72. Qd3+ Kg4 73. Qxe4+ Kg5 74. Qf4+ 1-0


[Site "https://www.chess.com"]

[Event "Titled Tuesday Blitz May 16 Late 2023"]
[White "marik_spb"]
[Black "lluiss"]
[WhiteElo "2445"]
[BlackElo "2294"]
[Result "0-1"]
[Round "09"]
[TimeControl "180+2"]
[Date "2023.05.16"]
[WhiteClock "0:00:11"]
[BlackClock "0:00:08"]

1. d4 Nf6 2. c4 g6 3. Nf3 Bg7 4. Nc3 d5 5. Bg5 Ne4 6. Bf4 Nxc3 7. bxc3 c5 8. e3 O-O 9. cxd5 cxd4 10. cxd4 Qxd5 11. Be2 Qa5+ 12. Qd2 Nc6 13. Qxa5 Nxa5 14. O-O Be6 15. Ne5 Rfc8 16. Bf3 Rc2 17. Nd3 Rac8 18. h4 b6 19. Nb4 Rb2 20. Nd5 Kf8 21. Rac1 Rbc2 22. Rxc2 Rxc2 23. a3 Nc4 24. Nc7 Bd7 25. Be4 Rc3 26. h5 Nd2 27. Nd5 Rxa3 28. Rc1 Nxe4 29. Rc7 Ke8 30. Rb7 Be6 31. Nc7+ Kd8 32. Nb5 Ra1+ 33. Kh2 Nd6 34. Bxd6 exd6 35. Nxa7 Ra2 36. Nc6+ Kc8 37. Re7 Bf6 38. d5 Bxe7 39. Nxe7+ Kd7 40. Ng8 Bxd5 41. Nf6+ Ke6 42. Nxh7 gxh5 43. Kg3 h4+ 44. Kxh4 Rxf2 45. g4 Rh2+ 46. Kg5 Rxh7 47. e4 Rg7+ 48. Kf4 Bxe4 49. Kg3 Rxg4+ 50. Kxg4 b5 51. Kf4 b4 52. Ke3 b3 53. Kxe4 b2 54. Kd4 b1=Q 55. Ke3 f6 56. Kf2 f5 57. Kf3 Qe4+ 58. Kf2 d5 59. Kg3 d4 60. Kf2 d3 0-1


[Site "https://www.chess.com"]

[Event "Titled Tuesday Blitz May 16 Late 2023"]
[White "Harish, Neeraj"]
[Black "Kovalevsky, Stanislav"]
[WhiteFideId "30958130"]
[BlackFideId "13508598"]
[WhiteElo "1879"]
[BlackElo "2174"]
[Result "1-0"]
[Round "09"]
[TimeControl "180+2"]
[Date "2023.05.16"]
[WhiteClock "0:00:11"]
[BlackClock "0:00:09"]

1. e4 e6 2. d4 d5 3. e5 c5 4. c3 Nc6 5. Nf3 cxd4 6. cxd4 f6 7. exf6 Nxf6 8. Nc3 Bd6 9. Bd3 O-O 10. O-O e5 11. dxe5 Nxe5 12. Nxe5 Bxe5 13. h3 Kh8 14. Ne2 Nh5 15. f4 Bd6 16. Be3 Be6 17. Kh1 Qd7 18. Qe1 Bxh3 19. Qh4 Bg4 20. Ng3 Nxg3+ 21. Qxg3 Rf6 22. Bd4 Rh6+ 23. Kg1 b6 24. Rac1 Rc8 25. Qe3 Rc2 26. Rxc2 Rg6 27. Bxg6 hxg6 28. Qg3 Bf5 29. Re2 Bd3 30. Qxd3 Qa4 31. Qh3+ Kg8 32. Qc8+ Kh7 33. Bc3 Bc5+ 34. Kh1 Qc4 35. Qh3+ Kg8 36. Re8+ Kf7 37. Qe6# 1-0


[Site "https://www.chess.com"]